 Dungeon Crawl Stone Soup version 0.32-a0-918-g0f22ef8d61 (webtiles) character file.

Game seed: 8998689224959182027

20239 Pooter the Gouger (level 12, 0/69 HPs)
             Began as a Felid Berserker on Apr 11, 2024.
             Was a Believer of Trog.
             Slain by a black mamba (3 damage)
             ... while petrified by a catoblepas
             ... on level 1 of the Lair of Beasts.
             The game lasted 01:50:04 (17813 turns).

Pooter the Gouger (Felid Berserker)                Turns: 17813, Time: 01:50:05

Health: 0/69       AC:  8    Str: 26    XL:     12   Next: 43%
Magic:  0/11       EV:  1    Int: 13    God:    Trog [**....]
Gold:   336        SH:  0    Dex: 16    Spells: 11/11 levels left
                                        Lives:  0   Deaths: 2

rFire   + .          .
                       - Unarmed
rCold   . . .        (shield unavailable)
rNeg    + + +        (body armour unavailable)
rPois   ∞            (helmet unavailable)
rElec   +            (cloak unavailable)
rCorr   .            (gloves unavailable)
SInv    +            (boots unavailable)
Will    +....        G - amulet of guardian spirit
Stlth   ++++++       F - ring of protection from fire
HPRegen 1.11/turn    l - ring "Fukauche" {Wiz rElec Str+8 Dex-3 Stlth+}
MPRegen 0.12/turn

%: guardian spirit, wizardry (x1)
@: lethally poisoned (0 -> 0), snake-form, petrified, on berserk cooldown,
slowed
A: constrict, large, (claws 1), (fangs 3), see invisible, (shaggy fur 3),
(stealthy paws), no weapons or thrown items, no armour, multi-lived, low MP 1,
regeneration 1
a: Begin Untransformation, Renounce Religion, Berserk, Trog's Hand


You were on level 1 of the Lair of Beasts.
You worshipped Trog.
Trog was pleased with you.
You were an enormous serpent.
You visited 2 branches of the dungeon, and saw 12 of its levels.
You also visited: Bailey and Ice Cave.

You collected 1288 gold pieces.
You spent 952 gold pieces at shops.

Inventory:

Jewellery
 l - the ring "Fukauche" (right hand) {Wiz rElec Str+8 Dex-3 Stlth+}
   (You found it on level 8 of the Dungeon)

   [ring of wizardry]

   Wiz:       It improves your spell success rate.
   Str+8:     It affects your strength (+8).
   Dex-3:     It affects your dexterity (-3).
   rElec:     It insulates you from electricity.
   Stlth+:    It makes you more stealthy.
 C - a ring of resist corrosion
   (You found it on level 10 of the Dungeon)
 F - a ring of protection from fire (left hand)
   (You found it on level 3 of the Dungeon)
 G - an amulet of guardian spirit (around neck)
   (You found it on level 1 of the Dungeon)
Talismans
 r - a flux talisman
   (You found it on level 10 of the Dungeon)
 w - a maw talisman
   (You found it on level 10 of the Dungeon)
 x - a serpent talisman (active)
   (You found it on level 1 of the Dungeon)
Wands
 d - a wand of iceblast (11)
   (You found it in an ice cave)
 f - a wand of flame (10)
   (You took it off an orc on level 11 of the Dungeon)
 o - a wand of mindburst (3)
   (You found it on level 4 of the Dungeon)
 s - a wand of polymorph (3)
   (You found it on level 3 of the Dungeon)
 u - a wand of paralysis (12)
   (You found it on level 4 of the Dungeon)
 D - a wand of digging (13)
   (You found it on level 7 of the Dungeon)
Scrolls
 b - a scroll of noise {!r}
 c - 2 scrolls of fear
 e - 5 scrolls of revelation
 g - 3 scrolls of blinking
 i - a scroll of vulnerability {!r}
 t - 5 scrolls of teleportation {@r4}
Potions
 a - 3 potions of lignification {!q}
 h - 3 potions of haste {@q3}
 j - 2 potions of ambrosia
 k - 3 potions of heal wounds {@q2}
 m - 7 potions of curing {@q1}
 n - 3 potions of cancellation
 p - 3 potions of mutation {!q}
 q - 2 potions of attraction {unknown}
 v - 2 potions of enlightenment
 z - a potion of might
 A - a potion of invisibility {unknown}
Miscellaneous
 y - a phantom mirror
   (You found it in an ice cave)


   Skills:
 + Level 8.2 Fighting
 + Level 10.8 Dodging
 + Level 10.3 Stealth
 * Level 11.1 Unarmed Combat
 + Level 7.6 Evocations
 * Level 8.8 Shapeshifting


You had 11 spell levels left.
You didn't know any spells.
Your spell library was empty.

Dungeon Overview and Level Annotations

Branches:
Dungeon (11/15) Zot: 25781  Temple (0/1) D:4            Lair (1/5) D:11 Zot: 5626
 Bailey (visited)           IceCv (visited)
    Orc: D:9-12

Altars:
Ashenzari
Elyvilon
Kikubaaqudgha
Makhleb
Nemelex Xobeh
Okawaru
Ru
Sif Muna
Uskayaw
Vehumet
Wu Jian
Yredelemnul
Zin
The Shining One

Shops:
D:2 (!*   D:7 (   D:10 ![

Annotations:
D:10 2 transporters, nobo's ghost, journeyman DsFE
Lair:1 Loveship's ghost, journeyman OnBe


Innate Abilities, Weirdness & Mutations

You are an enormous serpent.
You have a powerful constriction melee attack.
((You have sharp claws.))
((You have razor-sharp teeth.))
You have supernaturally acute eyesight. (SInv)
((Your thick and shaggy fur keeps you warm. (AC +3, rC+)))
((Your paws help you pounce on unaware monsters.))
You are incapable of wielding weapons or throwing items.
You cannot wear armour.
You gain extra lives every three experience levels.
Your magical capacity is low. (-10% MP)
Your natural rate of healing is unusually fast.


Message History

The bullfrog hits you but does no damage.
The bullfrog is engulfed in calcifying dust.
The bullfrog hits you.
* * * LOW HITPOINT WARNING * * *
The bullfrog hits you but does no damage.
The black mamba bites you but does no damage.
The catoblepas gores you but does no damage.
The bullfrog is engulfed in calcifying dust.
The bullfrog hits you but does no damage. x2
The bullfrog is engulfed in calcifying dust.
You turn to flesh and can move again.
You body-slam the catoblepas!!
You grab the catoblepas.
You are engulfed in calcifying dust.
You constrict the catoblepas.
You feel sick. The black mamba bites you.
* * * LOW HITPOINT WARNING * * *
The bullfrog hits you but does no damage.
The catoblepas stomps with a crash on the ground.
The catoblepas barely misses you.
The bullfrog hits you but does no damage.
The black mamba bites you but does no damage.
You body-slam the catoblepas!!
You are engulfed in calcifying dust.
You are slowing down.
You constrict the catoblepas.
You feel sick. The bullfrog completely misses you. The catoblepas gores you.
* * * LOW HITPOINT WARNING * * *
You lash the catoblepas!
You are engulfed in calcifying dust.
Your limbs have turned to stone.
You are no longer berserk.
You are exhausted.
You feel yourself slow down.
You constrict the catoblepas.
* * * LOW HITPOINT WARNING * * *
You feel sick.
The black mamba bites you but does no damage.
The bullfrog hits you but does no damage.
The water moccasin bites you but does no damage.
The bullfrog hits you.
* * * LOW MAGIC WARNING * * *
* * * LOW HITPOINT WARNING * * *
The black mamba bites you but does no damage.
The bullfrog hits you but does no damage.
You have turned to stone.
You are engulfed in calcifying dust.
You constrict the catoblepas.
You kill the catoblepas!
Trog accepts your kill.
The water moccasin bites you but does no damage.
The bullfrog hits you but does no damage.
The black mamba bites you!
* * * LOW MAGIC WARNING * * *
You die...

.....# #..†..........
...###..†..#.###..♣
#.##......##.<....
#.............##..
#..##.....##..###.
##.####....#...# #. #
#P.## P....##..##..
##..##FF##.........###.
#....FSSF##.)..##......
..!....†S..##...##..###.
.......F...# ... ...
.#.....!..## .###
#........# .....>.....
............
##........#..


You could see a black mamba, a water moccasin and 5 bullfrogs.

Vanquished Creatures
  A catoblepas (Lair:1)
  A two-headed ogre (D:9)
  Urug (D:11)
  Sonja (Lair:1)
  An orc knight (Bailey)
  An ugly thing (D:7)
  Maurice (D:7)
  A gargoyle (D:10)
  An unseen horror (D:10)
  A komodo dragon (Lair:1)
  A freezing wraith (IceCv)
  2 kobold demonologists (D:11)
  3 trolls
  Prince Ribbit (D:5)
  A hornet (D:7)
  A wraith (D:9)
  A slime creature (D:7)
  A wyvern (D:9)
  5 humans (D:9)
  19 yaks
  2 steam dragons
  8 vampire mosquitoes (D:11)
  Menkaure (D:5)
  A harpy simulacrum (IceCv)
  2 acid dragons (D:7)
  8 water moccasins
  2 ice beasts
  13 orc warriors
  2 black bears
  6 wolves (Lair:1)
  2 ogres
  3 centaurs
  7 kobold brigands
  4 two-headed ogre simulacra (IceCv)
  11 bullfrogs
  A gnoll sergeant (D:7)
  4 scorpions
  32 killer bees
  2 elephant simulacra (IceCv)
  An electric eel (D:10)
  9 howler monkeys
  4 bombardier beetles
  2 bullfrog zombies (D:6)
  7 hounds
  6 jellies
  2 gnoll boudas
  8 orc priests
  A sleepcap (D:8)
  4 iguanas
  15 orc wizards
  2 polar bear simulacra (IceCv)
  2 wolf simulacra (IceCv)
  9 spriggan simulacra (IceCv)
  8 troll simulacra (IceCv)
  7 naga simulacra (IceCv)
  4 adders
  15 gnolls
  3 shadow imps
  2 white imps (IceCv)
  4 ufetubi
  3 ribbon worms
  A dart slug (D:5)
  52 orcs
  6 endoplasms
  A giant cockroach (D:1)
  7 hobgoblins
  8 jackals
  3 quokkas
  10 ball pythons
  7 bats
  A frilled lizard (D:2)
  11 goblins
  27 kobolds
  4 rats
412 creatures vanquished.

Notes
Turn   | Place    | Note
-------+----------+-------------------------------------------
     0 | D:1      | Pooter the Felid Berserker began the quest for the Orb.
     0 | D:1      | Reached XP level 1. HP: 12/12 MP: 2/2
   551 | D:1      | Reached XP level 2. HP: 16/16 MP: 3/3
   894 | D:2      | Found Niothof's Distillery.
   899 | D:2      | Reached skill level 1 in Stealth
   945 | D:2      | Reached skill level 1 in Shapeshifting
   991 | D:2      | Found a faded altar of an unknown god.
  1058 | D:2      | Reached XP level 3. HP: 17/20 MP: 4/4
  1385 | D:2      | Bought a potion of heal wounds for 60 gold pieces
  1385 | D:2      | Bought a potion of curing for 36 gold pieces
  1460 | D:2      | Found Labeekh's Antique Weapon Boutique.
  1488 | D:2      | Reached ** piety under Trog
  1646 | D:2      | Found Pybeaptu's General Store.
  1850 | D:2      | Bought a potion of might for 48 gold pieces
  2244 | D:3      | Reached XP level 4. HP: 24/24 MP: 5/5
  2244 | D:3      | Gained a life (2 lives remaining)
  2702 | D:4      | Noticed an ogre
  2735 | D:4      | Killed an ogre
  2736 | D:4      | Reached skill level 4 in Unarmed Combat
  2736 | D:4      | Reached skill level 1 in Evocations
  2736 | D:4      | Reached XP level 5. HP: 12/28 MP: 2/6
  3005 | D:4      | Identified the staff of Impeachment {rPois rC+ Int+3 Ice}
  3258 | D:4      | Gained mutation: You are covered in thick fur. (AC +2)
                  | [Felid growth]
  3258 | D:4      | Reached XP level 6. HP: 33/33 MP: 7/7
  3319 | D:4      | Reached skill level 5 in Dodging
  3471 | D:4      | Found a staircase to the Ecumenical Temple.
  3785 | D:5      | Entered Level 5 of the Dungeon
  3822 | D:5      | Noticed Prince Ribbit
  4013 | D:5      | Noticed Menkaure
  4014 | D:5      | Noticed an ice beast
  4031 | D:5      | Killed Menkaure
  4031 | D:5      | Reached *** piety under Trog
  4032 | D:5      | Reached XP level 7. HP: 26/37 MP: 5/8
  4095 | D:5      | Reached skill level 5 in Unarmed Combat
  4191 | D:5      | Killed Prince Ribbit
  4467 | D:5      | Reached XP level 8. HP: 38/42 MP: 6/9
  4544 | D:5      | Found a burning altar of Makhleb.
  4866 | D:5      | You fall into a shaft and drop 3 floors!
  4882 | D:8      | Found an ornate altar of the Wu Jian Council.
  4991 | D:7      | Reached skill level 6 in Unarmed Combat
  5117 | D:9      | Noticed a troll
  5129 | D:8      | Reached skill level 5 in Stealth
  5194 | D:8      | Reached skill level 5 in Fighting
  5398 | D:8      | Reached XP level 9. HP: 47/47 MP: 10/10
  5526 | D:8      | Reached skill level 5 in Shapeshifting
  5695 | D:7      | Found Icutulum's Weapon Shop.
  5786 | D:7      | Reached skill level 7 in Unarmed Combat
  5953 | D:6      | Found a white marble altar of Elyvilon.
  6155 | D:6      | Found a glowing golden altar of the Shining One.
  6156 | D:6      | Found a glowing silver altar of Zin.
  6936 | D:6      | Found a basalt altar of Yredelemnul.
  7656 | D:7      | Noticed Maurice
  7663 | D:7      | Maurice stole a serpent talisman
  7684 | D:7      | Maurice stole 386 gold
  7687 | D:7      | Killed Maurice
  7688 | D:7      | Reached skill level 5 in Evocations
  7688 | D:7      | Reached XP level 10. HP: 26/53 MP: 0/11
  7692 | D:7      | Reached skill level 8 in Unarmed Combat
  8245 | D:7      | Noticed a cyan ugly thing
  8935 | D:7      | Killed a cyan ugly thing
 11370 | D:8      | Identified the ring "Fukauche" {Wiz rElec Str+8 Dex-3
                  | Stlth+}
 11654 | D:8      | Reached skill level 9 in Unarmed Combat
 12313 | D:2      | Bought a potion of curing for 36 gold pieces
 12313 | D:2      | Bought a potion of mutation for 96 gold pieces
 12313 | D:2      | Bought a potion of mutation for 96 gold pieces
 12364 | D:2      | Bought a potion of heal wounds for 70 gold pieces
 12364 | D:2      | Gained mutation: Your health recovers twice as slowly from
                  | being drained. [potion of mutation]
 12364 | D:2      | Gained mutation: You possess an exceptional clarity of
                  | mind. [potion of mutation]
 12365 | D:2      | Lost mutation: You possess an exceptional clarity of mind.
                  | [potion of mutation]
 12365 | D:2      | Lost mutation: Your health recovers twice as slowly from
                  | being drained. [potion of mutation]
 12365 | D:2      | Gained mutation: Your magical capacity is low. (-10% MP)
                  | [potion of mutation]
 12365 | D:2      | Gained mutation: Your natural rate of healing is unusually
                  | fast. [potion of mutation]
 12493 | D:9      | Reached XP level 11. HP: 47/58 MP: 7/10
 12651 | D:9      | Found a radiant altar of Vehumet.
 12691 | D:9      | Found an ancient bone altar of Kikubaaqudgha.
 12701 | D:9      | Found a shimmering blue altar of Sif Muna.
 12720 | D:9      | Noticed a two-headed ogre
 12729 | D:9      | Killed a two-headed ogre
 13358 | D:10     | Entered Level 10 of the Dungeon
 13458 | D:10     | Noticed nobo's ghost (journeyman DsFE)
 13482 | D:10     | Found a hide-covered altar of Uskayaw.
 13486 | D:10     | Found a sparkling altar of Nemelex Xobeh.
 13507 | D:10     | Found a transporter.
 13509 | D:10     | Found a transporter.
 13509 | D:10     | Noticed a centaur warrior
 13509 | D:10     | Noticed a two-headed ogre
 13521 | D:10     | Found a flagged portal.
 13557 | Bailey   | Entered a bailey
 13718 | Bailey   | Noticed an orc knight
 13738 | Bailey   | Killed an orc knight
 13819 | Bailey   | Identified the +1 fire dragon scales "Gaal" {rElec rF++ rC-
                  | Will+ Regen+}
 13985 | D:10     | Reached skill level 10 in Unarmed Combat
 14013 | D:10     | Noticed a boulder beetle
 14013 | D:10     | Noticed a two-headed ogre
 14209 | D:10     | Found a broken altar of Ashenzari.
 14264 | D:10     | Found an iron altar of Okawaru.
 14275 | D:10     | Found a sacrificial altar of Ru.
 14396 | D:10     | Found Ladon's Armour Shop.
 14397 | D:10     | Found Quxezil's Distillery.
 14406 | D:10     | Bought a potion of heal wounds for 85 gold pieces
 14406 | D:10     | Bought a potion of curing for 51 gold pieces
 14406 | D:10     | Bought a potion of heal wounds for 85 gold pieces
 14406 | D:10     | Bought a potion of mutation for 136 gold pieces
 14406 | D:10     | Bought a potion of curing for 51 gold pieces
 14406 | D:10     | Bought a potion of enlightenment for 85 gold pieces
 14406 | D:10     | Bought a potion of degeneration for 17 gold pieces
 14541 | D:11     | Reached skill level 10 in Dodging
 14640 | D:11     | Noticed Psyche
 14646 | D:11     | Psyche changed into Psyche the water moccasin
 14646 | D:11     | Noticed Psyche
 14649 | D:11     | Killed Psyche the water moccasin
 14861 | D:11     | Found a staircase to the Lair.
 14897 | D:11     | Gained mutation: Your thick and shaggy fur keeps you warm.
                  | (AC +3, rC+) [Felid growth]
 14897 | D:11     | Reached XP level 12. HP: 63/64 MP: 11/11
 14975 | D:11     | Noticed Urug
 14985 | D:11     | Killed Urug
 15444 | D:11     | Reached skill level 10 in Stealth
 15719 | Lair:1   | Entered Level 1 of the Lair of Beasts
 15722 | Lair:1   | Found a frozen archway.
 15731 | IceCv    | Entered an ice cave
 17213 | IceCv    | Demolished by a death yak simulacrum
 17213 | IceCv    | Lost a life (1 life remaining)
 17450 | IceCv    | Noticed a reaper
 17459 | IceCv    | Mangled by a reaper
 17459 | IceCv    | Lost a life (0 lives remaining)
 17618 | Lair:1   | Noticed Sonja
 17621 | Lair:1   | Killed Sonja
 17622 | Lair:1   | Reached skill level 11 in Unarmed Combat
 17770 | Lair:1   | Noticed Loveship's ghost (journeyman OnBe)
 17793 | Lair:1   | Noticed a catoblepas
 17811 | Lair:1   | HP: 5/103 [catoblepas (3)]
 17812 | Lair:1   | HP: 2/69 [bullfrog (1)]
 17813 | Lair:1   | Killed a catoblepas
 17813 | Lair:1   | Slain by a black mamba

Illustrated notes

Levels and vault maps discovered:
D:1:      dpeg_arrival_stone_temple_mockup, layout_loops_corners
D:2:      layout_basic, serial_aquarium, aquarium_bridge_long_joined
          [aquarium_subvault_window, aquarium_subvault_bridge,
          aquarium_subvault_window, aquarium_subvault_wall,
          aquarium_subvault_bridge, aquarium_subvault_window],
          aquarium_window_corner, aquarium_window_1, aquarium_window_1,
          aquarium_view_2b, aquarium_pool_side,
          shapermc_ecumenical_altar_pompeii, serial_shops,
          nicolae_shop_waterfront, shop, nicolae_shop_peninsula
D:3:      layout_basic
D:4:      layout_loops_corners, minmay_temple_entry_antechambers
D:5:      layout_rooms, lemuel_round_altar, kennysheep_crisscross,
          uniq_prince_ribbit1, uniq_menkaure
D:6:      nicolae_whirlpool, layout_cave_pools, good_gods_temple_1,
          lemuel_zombie_altar_yredelemnul
D:7:      nzn_winding_woodlands_stair_cross [nzn_winding_woodlands_5x15_jagged,
          nzn_winding_woodlands_center_pierced_h,
          nzn_winding_woodlands_5x15_parted, nzn_winding_woodlands_5x5_three,
          nzn_winding_woodlands_5x5_cross, nzn_winding_woodlands_5x15_pool,
          nzn_winding_woodlands_center_diamonds,
          nzn_winding_woodlands_5x15_eye], layout_gridville, serial_shops, shop,
          uniq_maurice
D:8:      layout_basic, mainiacjoe_overflow_boulevard, minivault_10
D:9:      layout_long_grid, palyth_temple_overflow_mages, minmay_ruffians
D:10:     layout_small_grid, ashenzari_conservatory_becter,
          nicolae_overflow_macrodata_refinement, nzn_ghost_randoct,
          enter_bailey_3, chequers_serial_rivers_micro_c,
          nicolae_wooded_promenade
D:11:     layout_long_grid, due_lair_maze_entry_diamond, uniq_urug, uniq_psyche
Lair:1:   layout_loops_ring, gammafunk_ghost_wrathful_warriors,
          portal_ice_cave_entry_pillars_1, serial_forest,
          infiniplex_forest_lined_2, infiniplex_forest_join,
          infiniplex_forest_end_2, infiniplex_forest_straight_5,
          infiniplex_forest_pool, infiniplex_forest_lined_2, st_stairs_5,
          chequers_serial_rivers_room_a, uniq_sonja

Skill      XL: |  1  2  3  4  5  6  7  8  9 10 11 12 |
---------------+-------------------------------------+-----
Stealth        | 1 2 3 4 5 7 8 9 10 | 10.3
Shapeshifting  | 1 2 3 4 5 7 8 |  8.8
Unarmed Combat | 4 5 6 7 9 10 11 | 11.1
Evocations     | 1 2 3 5 6 7 |  7.6
Dodging        | 5 6 8 9 10 | 10.8
Fighting       | 4 5 6 7 8 |  8.2

Action                     |  1- 3 |  4- 6 |  7- 9 | 10-12 || total
---------------------------+-------+-------+-------+-------++-------
  Melee: Unarmed           |   117 |    96 |   303 |   672 ||  1188
         Bite              |    12 |     7 |    33 |    60 ||   112
         Punch             |     1 |     1 |    11 |    11 ||    24
         Constrict         |       |       |       |    71 ||    71
 Invoke: Berserk           |     1 |     3 |    17 |    27 ||    48
         Trog's Hand       |       |     1 |    14 |    31 ||    46
  Evoke: Wand              |       |     1 |     8 |    13 ||    22
    Use: Scroll            |     6 |       |     3 |    12 ||    21
         Potion            |       |       |     2 |    10 ||    12
   Stab: Sleeping          |     3 |     9 |    11 |    15 ||    38
         Distracted        |     1 |       |     1 |     5 ||     7
         Paralysed         |       |     1 |     2 |     8 ||    11
 Armour: Skin              |    19 |    29 |    94 |   455 ||   597
  Dodge: Dodged            |    85 |    92 |   283 |   683 ||  1143
   Form: Serpent           |       |       |       |     3 ||     3
                           |       |       |       |     2 ||     2
         Flux              |       |       |       |     2 ||     2

Table legend: (Time is in decaauts)
 A = Elapsed time spent in this place.
 B = Non-inter-level travel time spent in this place.
 C = Inter-level travel time spent in this place.
 D = Time resting spent in this place.
 E = Time spent auto-exploring this place.
 F = Levels seen in this place.
 G = Mean time per level.
                   A        B        C        D        E       F      G
               +--------+--------+--------+--------+--------+-----+--------+
         Total |  18131 |  17451 |    680 |   7360 |   6096 |  14 | 1295.1 |
       Dungeon |  15621 |  14941 |    680 |   6010 |   5635 |  11 | 1420.1 |
          Lair |    372 |    372 |      0 |     65 |    228 |   1 |  372.0 |
        Bailey |    379 |    379 |      0 |     65 |     64 |   1 |  379.0 |
      Ice Cave |   1757 |   1757 |      0 |   1218 |    168 |   1 | 1757.0 |
               +--------+--------+--------+--------+--------+-----+--------+

Top non-repeatable levels by time:
     D:7: 3986 daAuts
   IceCv: 1757 daAuts
     D:6: 1649 daAuts
     D:8: 1561 daAuts
     D:9: 1267 daAuts
     D:4: 1234 daAuts
     D:2: 1168 daAuts
     D:5: 1087 daAuts
    D:10: 1023 daAuts
    D:11: 927 daAuts
     D:1: 909 daAuts
     D:3: 807 daAuts
  Bailey: 379 daAuts
  Lair:1: 372 daAuts
